 Dungeon Crawl Stone Soup version 0.28.0-53-g5a82cb258f (webtiles) character file.

Game seed: 15649444097938811238

46 Sin92 the Skirmisher (level 3, 0/29 HPs)
             Began as a Demonspawn Fighter on June 7, 2022.
             Slain by Robin
             ... wielding a +2 trident of flaming
              (8 damage)
             ... on level 2 of the Dungeon.
             The game lasted 00:00:45 (1309 turns).

Sin92 the Skirmisher (Demonspawn Fighter)           Turns: 1309, Time: 00:00:46

Health: 0/29       AC:  6    Str: 16    XL:     3   Next: 44%
Magic:  3/3        EV:  9    Int:  9    God:
Gold:   50         SH:  5    Dex: 14    Spells: 2/2 levels left

rFire   . . .      SeeInvis .   a - +0 flail
rCold   . . .      Faith    .   c - +0 buckler
rNeg    . . .      Spirit   .   b - +0 scale mail
rPois   .          Reflect  .   (no helmet)
rElec   .          Harm     .   (no cloak)
rCorr   .          Rampage  .   (no gloves)
Will    .....                   (no boots)
Stlth   ..........              (no amulet)
HPRegen 0.09/turn               (no ring)
MPRegen 0.16/turn               (no ring)

@: no status effects
A: magic regeneration, condensation shield
a: no special abilities


You were on level 2 of the Dungeon.
You visited 1 branch of the dungeon, and saw 2 of its levels.

You collected 50 gold pieces.

Inventory:

Hand Weapons
 a - a +0 flail (weapon)
Armour
 b - a +0 scale mail (worn)
 c - a +0 buckler (worn)
Scrolls
 e - 2 scrolls of identify {unknown}
Potions
 d - a potion of might
 f - a potion of haste {unknown}
 g - 2 potions of degeneration {unknown}
 h - a potion of attraction {unknown}
 i - a potion of curing {unknown}


   Skills:
 + Level 3.3 Fighting
 + Level 2.1 Maces & Flails
 + Level 3.0 Armour
 + Level 1.1 Dodging
 + Level 3.0 Shields


You had 2 spell levels left.
You didn't know any spells.
Your spell library was empty.

Dungeon Overview and Level Annotations

Branches:
Dungeon (2/15)

Altars:

Annotations:
D:2 Robin


Innate Abilities, Weirdness & Mutations

You regenerate magic rapidly.
A meltable shield of frost defends you. (SH +0)


Message History

Unknown command.
You hit the goblin.
You kill the goblin!
You block the frilled lizard's attack.
Unknown command.
You hit the frilled lizard.
You kill the frilled lizard!
Robin throws the goblin at you! The goblin closely misses you.
Unknown command.
You sock the goblin!
You kill the goblin!
You block the goblin's attack. Robin throws the goblin at you!
You block the goblin's attack.
Unknown command.
You closely miss the goblin.
The goblin no longer looks unusually strong.
Robin barely misses you. The goblin hits you but does no damage.
Unknown command.
You closely miss the goblin.
Robin hits you from afar with a +2 trident of flaming.
Your condensation shield dissipates!
Robin burns you. The goblin hits you but does no damage.
Unknown command.
You hit the goblin.
The goblin is moderately wounded.
Robin hits you from afar with a +2 trident of flaming!
Robin burns you.
* * * LOW HITPOINT WARNING * * *
The goblin closely misses you. Robin barely misses you.
You block the goblin's attack.
You are too injured to fight recklessly!
Unknown command.
You are too injured to fight recklessly!
Unknown command.
You are too injured to fight recklessly!
Robin closely misses you.
Items here: ( )))) †††.
You barely miss Robin.
Robin hits you with a +2 trident of flaming!
You die...

##### ################.#.#
...................#
##################.#
#................#.#
#.##############)#.###
...........# #g#...#
..########.# #@###.# ..#
#.###(#....g# #.# ..#
#.....#.....# #.#
..####.#####.....# #.###
...........#.....###...###
.#####.###.#.....#.......#
...#...)...#.....#.......#
##.#.#.##..#.....#.......#
...#.......#######.......#


You could see Robin and a goblin.

Vanquished Creatures
  7 endoplasms (D:1)
  A giant cockroach (D:1)
  11 goblins
  6 hobgoblins
  2 jackals (D:1)
  2 ball pythons (D:1)
  4 frilled lizards
  2 kobolds
  3 rats (D:1)
38 creatures vanquished.

Notes
Turn   | Place    | Note
-------+----------+-------------------------------------------
     0 | D:1      | Sin92 the Demonspawn Fighter began the quest for the Orb.
     0 | D:1      | Reached XP level 1. HP: 18/18 MP: 1/1
   296 | D:1      | Gained mutation: You regenerate magic rapidly. [demonic
                  | ancestry]
   296 | D:1      | Reached XP level 2. HP: 21/24 MP: 2/2
  1073 | D:2      | Gained mutation: A meltable shield of frost defends you.
                  | (SH +0) [demonic ancestry]
  1073 | D:2      | Reached XP level 3. HP: 28/29 MP: 3/3
  1274 | D:2      | Noticed Robin
  1284 | D:2      | Reached skill level 1 in Dodging
  1309 | D:2      | Slain by Robin

Illustrated notes

Levels and vault maps discovered:
D:1:      minmay_arrival_plants_in_alcoves, layout_loops_cross, st_stairs_5
D:2:      layout_basic, basic_altar, uniq_robin

Skill      XL: |  1  2  3 |
---------------+----------+-----
Maces & Flails | 2 |  2.1
Armour         | 3 |  3.0
Shields        | 3 |  3.0
Dodging        | 1 |  1.1
Fighting       | |  3.3

Action                   || total
-------------------------++-------
Melee: Flail             ||   101
Armor: Scale mail        ||    39
Dodge: Dodged            ||    45
Block: Buckler           ||    37
